 Dungeon Crawl Stone Soup version 0.26-a0-663-g36e8fdb655 (webtiles) character file.

Game seed: 13519317756082121326

828 Forecaster the Sneak (level 7, 0/58 HPs)
             Began as a Naga Enchanter on Oct 12, 2020.
             Killed from afar by Edmund (9 damage)
             ... with a puff of flame
             ... on level 4 of the Dungeon.
             The game lasted 00:51:09 (6014 turns).

Forecaster the Sneak (Naga Enchanter)               Turns: 6014, Time: 00:51:11

Health: 0/58       AC: 17    Str: 10    XL:     7   Next: 97%
Magic:  12/12      EV: 13    Int: 16    God:
Gold:   220        SH:  0    Dex: 17    Spells: 4/13 levels left

rFire    . . .     SeeInvis +   h - +3 dagger (protect)
rCold    . . .     Faith    .   (no shield)
rNeg     . . .     Spirit   .   k - +1 leather armour
rPois    +         Reflect  .   (no helmet)
rElec    .         Harm     .   D - +1 cloak
rCorr    .         Rampage  .   (no gloves)
MR       .....                  (no barding)
Stlth    ++........             B - amulet of magic regeneration
HPRegen  0.19/turn              x - +4 ring of evasion
MPRegen  0.38/turn              A - +6 ring of dexterity

@: protection aura, heavily drained, very slow
A: large, iridescent scales 1, thin metallic scales 1, see invisible, deformed
body, poison resistance, slowness 2, spit poison 1, weak 1, AC +2
a: Spit Poison


You were on level 4 of the Dungeon.
You visited 1 branch of the dungeon, and saw 5 of its levels.

You collected 220 gold pieces.

Inventory:

Hand Weapons
 a - a +1 dagger
 d - a +0 dagger of holy wrath
 e - a +0 short sword
 g - a +0 hunting sling
 h - a +3 dagger of protection (weapon)
 n - a +0 dagger
 q - a +0 short sword
 w - a +0 dagger
 y - a +0 hand crossbow
 G - a +0 shortbow
Missiles
 c - 38 poisoned darts (quivered)
 E - 34 bolts
 F - 2 datura-tipped darts
 H - 24 arrows
Armour
 b - a +0 robe
 k - a +1 leather armour (worn)
 o - a +0 robe
 D - a +1 cloak (worn)
Jewellery
 l - an uncursed ring of ice
 x - a +4 ring of evasion (left hand)
 A - a +6 ring of dexterity (right hand)
 B - an amulet of magic regeneration (around neck)
Wands
 i - a wand of digging (6)
 r - a wand of flame (6)
Scrolls
 m - 6 scrolls of remove curse
 p - 4 scrolls of identify
 t - 2 scrolls of fog
 C - a scroll of fear {unknown}
Potions
 f - a potion of ambrosia
 j - a potion of lignification
 s - a potion of magic
 u - a potion of stabbing
 z - a potion of mutation


   Skills:
 + Level 1.9(0.0) Fighting
 + Level 3.7(1.7) Short Blades
 + Level 1.2(0.0) Throwing
 + Level 2.3(0.4) Armour
 + Level 3.0(1.0) Dodging
 + Level 5.7(3.6) Stealth
 + Level 3.8(1.8) Spellcasting
 + Level 4.6(2.6) Hexes


You had 4 spell levels left.
You knew the following spells:

 Your Spells              Type           Power        Failure   Level
a - Corona                Hex            #......      10%         1
b - Ensorcelled Hibernat  Hex/Ice        #.....       26%         2
c - Tukima's Dance        Hex            #.......     28%         3
d - Dazzling Flash        Conj/Hex       #.....       45%         3

Your spell library contained the following spells:

 Spells                   Type           Power        Failure   Level
 Confusing Touch          Hex            #.......     28%         3


Dungeon Overview and Level Annotations

Branches:
Dungeon (5/15)
 Temple: D:4-7

Altars:
Ru

Shops:
D:4 [

Annotations:
D:4 Edmund
D:5 Menkaure


Innate Abilities, Weirdness & Mutations

You cannot wear boots.
Your serpentine skin is tough. (AC +2)
You have supernaturally acute eyesight. (SInv)
Armour fits poorly on your strangely shaped body.
Your system is resistant to poisons. (rPois)
You cover ground very slowly.
You can spit poison.
You are partially covered in iridescent scales. (AC +2)
You are partially covered in thin metallic scales. (AC +2)
You are weak. (Str -2)


Message History

Edmund is almost dead.
Edmund closely misses you.
You hit Edmund but do no damage.
Edmund is almost dead.
You barely miss Edmund.
Edmund is almost dead.
Edmund looks more healthy.
Edmund zaps a wand.
The puff of flame misses you.
You hit Edmund but do no damage.
Edmund is almost dead.
Edmund hits you with a +1 dire flail of draining.
* * * LOW HITPOINT WARNING * * *
You feel drained.
* * * LOW HITPOINT WARNING * * *
Throwing (i - inventory. (/) - cycle)
c - 39 poisoned darts (quivered)
Press: ? - help, Shift-Dir - straight line, f/p - Edmund
Aim: Edmund, wielding a +1 dire flail of draining, wearing a +0 ring mail of magic resistance and carrying a wand of flame (8) (almost dead)
You throw a poisoned dart.
The poisoned dart closely misses Edmund.
Edmund zaps a wand.
The puff of flame hits you!
You die...

#.#.#..#.#....###
#.#.#..#.#.+#####
#.#.#..#.#.#...#.
#.#.#..#.#.#...#.
#.#.#..#.#.#.....
#.#.####.#.###._.
#......#...#.....
#####.##.###.#...#.
#.@..........#[..#.
#@##.###.##..'#####
#.#....#.##.....##.
#.#..#.#.##########
#.####.#.#
#.#....#.##########
#.#....#...........
#.#.##.#..#########
#.#.......#


You could see Edmund.

Vanquished Creatures
  An ogre (D:4)
  A centaur (D:4)
  A howler monkey (D:4)
  A centaur skeleton (D:4)
  A hound (D:5)
  2 orc wizards (D:4)
  Natasha (thrice) (D:3)
  3 worker ants
  A hound skeleton (D:4)
  Robin (D:2)
  8 gnolls
  A howler monkey skeleton (D:4)
  12 adders
  2 adder skeletons (D:4)
  A dart slug (D:2)
  2 leopard geckos
  7 orcs
  8 giant cockroaches
  17 goblins
  12 hobgoblins
  17 jackals
  10 kobolds
  6 ball pythons
  8 bats
  9 frilled lizards
  A jackal skeleton (D:4)
  12 rats
148 creatures vanquished.

Notes
Turn   | Place    | Note
-------+----------+-------------------------------------------
     0 | D:1      | Forecaster the Naga Enchanter began the quest for the Orb.
     0 | D:1      | Reached XP level 1. HP: 15/15 MP: 3/3
   379 | D:1      | Reached XP level 2. HP: 22/22 MP: 5/5
   831 | D:1      | Learned a level 2 spell: Ensorcelled Hibernation
  1208 | D:1      | Reached XP level 3. HP: 26/28 MP: 4/6
  1634 | D:2      | Reached skill level 5 in Stealth
  1760 | D:2      | Noticed Robin
  1829 | D:2      | Killed Robin
  1829 | D:2      | Reached XP level 4. HP: 12/37 MP: 1/7
  2228 | D:2      | Found a faded altar of an unknown god.
  2419 | D:2      | Reached XP level 5. HP: 29/43 MP: 6/9
  2652 | D:2      | Reached skill level 1 in Armour
  3619 | D:3      | Noticed Natasha
  3633 | D:3      | Killed Natasha
  3633 | D:3      | Reached XP level 6. HP: 40/50 MP: 8/10
  3694 | D:3      | Noticed Natasha
  3705 | D:3      | Killed Natasha
  3810 | D:3      | Noticed Natasha
  3825 | D:3      | Gained mutation: You are weak. (Str -2) [potion of
                  | mutation]
  3825 | D:3      | Gained mutation: You are partially covered in iridescent
                  | scales. (AC +2) [potion of mutation]
  3825 | D:3      | Gained mutation: You are partially covered in thin metallic
                  | scales. (AC +2) [potion of mutation]
  3828 | D:3      | Killed Natasha
  4363 | D:4      | Found a sacrificial altar of Ru.
  4380 | D:4      | Reached skill level 1 in Fighting
  4380 | D:4      | Reached XP level 7. HP: 57/57 MP: 10/12
  4392 | D:4      | Reached skill level 1 in Throwing
  4759 | D:4      | Found Pemoorr's Antique Armour Shoppe.
  5424 | D:5      | Entered Level 5 of the Dungeon
  5424 | D:5      | Noticed Edmund
  5431 | D:4      | Learned a level 3 spell: Tukima's Dance
  5435 | D:4      | Learned a level 3 spell: Dazzling Flash
  5458 | D:5      | Noticed Menkaure
  6014 | D:4      | Killed from afar by Edmund

Illustrated notes

Levels and vault maps discovered:
D:1:      lightli_arrival_farm, layout_basic, serial_glass, glass_columns_c,
          glass_columns_b
D:2:      layout_basic, chequers_ecumenical_altar_simple_redux,
          minmay_snake_closets, uniq_robin
D:3:      layout_basic, chequers_serial_rivers_large_a, uniq_natasha
D:4:      layout_basic, serial_shops, shop_fountains,
          nicolae_ru_great_annihilating_truth
D:5:      gammafunk_steamed_eel, layout_cave_pools, minmay_temple_entry_ruins,
          uniq_menkaure, uniq_edmund

Skill      XL: |  1  2  3  4  5  6  7 |
---------------+----------------------+-----
Stealth        | 5 |  5.7
Dodging        | 2 3 |  3.0
Armour         | 1 2 |  2.3
Short Blades   | 2 3 |  3.7
Spellcasting   | 3 |  3.8
Hexes          | 4 |  4.6
Fighting       | 1 |  1.9
Throwing       | 1 |  1.2

Action                   |  1- 3 |  4- 6 |  7- 9 || total
-------------------------+-------+-------+-------++-------
Melee: Dagger            |   169 |   278 |   190 ||   637
Throw: Dart              |     2 |    21 |     6 ||    29
 Cast: Corona            |    30 |    35 |    22 ||    87
       Ensorcelled Hiber |       |     1 |       ||     1
       Dazzling Flash    |       |       |     1 ||     1
  Use: Potion            |     7 |     5 |     2 ||    14
       Scroll            |       |     8 |       ||     8
 Stab: Sleeping          |     8 |    12 |     2 ||    22
       Distracted        |       |     1 |       ||     1
Armor: Robe              |    11 |       |       ||    11
       Leather armour    |    35 |   126 |    66 ||   227
       Skin              |    30 |       |       ||    30
Dodge: Dodged            |    87 |   172 |   150 ||   409

Table legend: (Time is in decaauts)
 A = Elapsed time spent in this place.
 B = Non-inter-level travel time spent in this place.
 C = Inter-level travel time spent in this place.
 D = Time resting spent in this place.
 E = Time spent auto-exploring this place.
 F = Levels seen in this place.
 G = Mean time per level.
                   A        B        C        D        E       F      G
               +--------+--------+--------+--------+--------+-----+--------+
         Total |   7323 |   6673 |    650 |   1034 |   2642 |   5 | 1464.6 |
       Dungeon |   7323 |   6673 |    650 |   1034 |   2642 |   5 | 1464.6 |
               +--------+--------+--------+--------+--------+-----+--------+

Top non-repeatable levels by time:
     D:4: 2329 daAuts
     D:1: 1762 daAuts
     D:2: 1747 daAuts
     D:3: 1423 daAuts
     D:5: 60 daAuts
